 Dungeon Crawl Stone Soup version 0.29.1-4-g47bece8355 (webtiles) character file.

Game seed: 3487295744465289134

620 ChadusMaximus the Caller (level 7, -6/46 HPs)
             Began as a Human Summoner on Dec 6, 2022.
             Mangled by a gnoll bouda
             ... wielding a +0 whip
              (10 damage)
             ... on level 3 of the Dungeon.
             The game lasted 00:07:54 (5364 turns).

ChadusMaximus the Caller (Human Summoner)           Turns: 5364, Time: 00:07:55

Health: -6/46      AC:  4    Str:  9    XL:     7   Next: 74%
Magic:  12/13      EV: 12    Int: 17    God:
Gold:   113        SH:  0    Dex: 13    Spells: 4/14 levels left

rFire   . . .      SeeInvis .   d - +0 dagger
rCold   . . .      Faith    .   (no shield)
rNeg    . . .      Spirit   .   a - +0 robe
rPois   .          Reflect  .   (no helmet)
rElec   .          Harm     .   (no cloak)
rCorr   .          Rampage  .   g - +1 pair of gloves
Will    .....                   (no boots)
Stlth   +.........              (no amulet)
HPRegen 0.15/turn               (no ring)
MPRegen 0.13/turn               (no ring)

@: confused
A: no striking features
a: no special abilities


You were on level 3 of the Dungeon.
You visited 1 branch of the dungeon, and saw 4 of its levels.
You also visited: Sewer.

You collected 113 gold pieces.

Inventory:

Hand Weapons
 d - a +0 dagger (weapon)
Armour
 a - a +0 robe (worn)
 g - a +1 pair of gloves (worn)
 l - a +0 cloak
 m - a +0 leather armour
 r - a +0 leather armour
Scrolls
 c - a scroll of blinking {unknown}
 i - 2 scrolls of amnesia {unknown}
 k - 4 scrolls of identify {unknown}
 n - a scroll of fear {unknown}
 p - a scroll of brand weapon {unknown}
 q - a scroll of vulnerability {unknown}
 s - a scroll of fog {unknown}
 t - a scroll of teleportation {unknown}
Potions
 b - a potion of magic
 e - a potion of haste {unknown}
 f - 2 potions of heal wounds {unknown}
 h - 2 potions of curing {unknown}
 j - 3 potions of degeneration {unknown}
 o - a potion of mutation {unknown}


   Skills:
 - Level 2.1 Dodging
 - Level 2.1 Stealth
 + Level 4.4 Spellcasting
 * Level 7.5 Summonings


You had 4 spell levels left.
You knew the following spells:

 Your Spells              Type           Power      Damage    Failure   Level
a - Summon Small Mammal   Summ           100%       N/A       1%          1
b - Call Canine Familiar  Summ           29%        N/A       1%          3
c - Call Imp              Summ           29%        N/A       1%          2
d - Summon Lightning Spi  Summ/Air       16%        N/A       32%         4

Your spell library contained the following spells:

 Spells                   Type           Power      Damage    Failure   Level
 Summon Guardian Golem    Hex/Summ       16%        N/A       10%         3
 Magic Dart               Conj           12%        1d3       16%         1
 Mephitic Cloud           Conj/Pois/Air  3%         N/A       41%         3
 Ozocubu's Armour         Ice            3%         N/A       41%         3
 Metabolic Englaciation   Hex/Ice        1%         N/A       99%         5
 Simulacrum               Ice/Necr       1%         N/A       100%        6


Dungeon Overview and Level Annotations

Branches:
Dungeon (4/15)              Sewer (visited)
 Temple: D:4-7

Altars:
Nemelex Xobeh
Qazlal
Xom


Message History

The gnoll sergeant hits your white imp from afar with a +0 spear!
Your white imp dies!
Your white imp disappears in a puff of smoke!
Your hound bites something but does no damage.
The gnoll sergeant hits your hound with a +0 spear!
Your hound dies!
Your hound's corpse disappears in a puff of smoke!
You hear some strange, mumbled words.
Deactivating autopickup; reactivate with Ctrl-A.
You are confused.
Unknown command.
You're too confused to cast spells.
You're too confused to move!
You're too confused to cast spells.
There are monsters nearby!
You're too confused to move!
The gnoll bouda barks out a call to the hunt!
The gnoll sergeant picks up the pace!
A magic dart appears from out of thin air!
The magic dart hits you.
The gnoll sergeant hits you from afar with a +0 spear!
The gnoll bouda gazes fiercely through you!
You feel your attacks grow feeble. Something hits you.
You feel less confused.
The gnoll sergeant hits you from afar with a +0 spear.
The gnoll sergeant hits you but does no damage.
Something hits you.
You hear some strange, mumbled words.
You are confused.
The gnoll sergeant hits you from afar with a +0 spear!
You bump into the rock wall.
The gnoll sergeant hits you from afar with a +0 spear!
* * * LOW HITPOINT WARNING * * *
Something hits you but does no damage.
You closely miss something.
Your attacks no longer feel as feeble.
The gnoll sergeant hits you but does no damage.
The gnoll bouda hits you with a +0 whip!
You die...

##.......# #................
#...#....# #...<...######...
#.(.#....### #.......# #...
#...###....####.####.# #... #...#
####......####.## #### ####...###
######.##....# #. .........#
#.##....# ##
.........#########.#.....#######.
...............g@.>..##.#.....###
###)÷÷...#####...#......'........
# #............g.'......#..)....)
###......#####...########........
...g.............).... #........
.g~~~≈~≈~~~~≈~~~≈~~~.. ###......
.~≈≈≈≈≈~≈~≈≈≈≈≈≈≈≈≈~... #......
.~~~~~~~~~~~~#####≈~... #.....#
.............#.oo#≈~... #.....#


You could see a gnoll sergeant (swift) and a gnoll bouda.

Vanquished Creatures
  A crimson imp (D:3)
  An adder (D:4)
  An orc (D:4)
  4 ball pythons
  3 giant cockroaches
  2 goblins (D:2)
  3 jackals
  2 kobolds (D:1)
  A quokka (D:3)
  2 bats
  5 rats
25 creatures vanquished.

Vanquished Creatures (collateral kills)
  An ogre (D:4)
  3 crimson imps (D:3)
  A hound (D:3)
  Natasha (thrice) (D:2)
  A hell rat (Sewer)
  2 iguanas (D:4)
  6 gnolls
  An adder (D:2)
  4 river rats
  2 worms (D:3)
  3 dart slugs
  8 orcs
  3 bats
  4 endoplasms
  4 giant cockroaches
  A goblin (D:4)
  4 hobgoblins
  7 jackals
  5 ball pythons
  3 frilled lizards
  2 kobolds (D:4)
  11 rats
79 creatures vanquished.

Vanquished Creatures (others)
  A plant (D:3)
1 creature vanquished.

Grand Total: 105 creatures vanquished

Notes
Turn   | Place    | Note
-------+----------+-------------------------------------------
     0 | D:1      | ChadusMaximus the Human Summoner began the quest for the
                  | Orb.
     0 | D:1      | Reached XP level 1. HP: 13/13 MP: 3/3
     8 | D:1      | Found a faded altar of an unknown god.
   147 | D:1      | Reached XP level 2. HP: 15/19 MP: 1/5
   793 | D:1      | Reached XP level 3. HP: 23/24 MP: 3/6
  1164 | D:1      | Learned a level 3 spell: Call Canine Familiar
  1167 | D:1      | Learned a level 2 spell: Call Imp
  1582 | D:2      | Noticed Natasha
  1587 | D:2      | Reached XP level 4. HP: 28/30 MP: 3/7
  1593 | D:2      | Killed Natasha
  1594 | D:2      | Reached skill level 5 in Summonings
  1724 | D:2      | Noticed Natasha
  1733 | D:2      | Killed Natasha
  1734 | D:2      | Reached XP level 5. HP: 26/35 MP: 6/9
  1955 | D:2      | Noticed Natasha
  1968 | D:2      | Killed Natasha
  2631 | D:3      | Found a stormy altar of Qazlal.
  2652 | D:3      | Found a sparkling altar of Nemelex Xobeh.
  2688 | D:3      | Reached XP level 6. HP: 24/41 MP: 5/10
  2829 | D:3      | Found a glowing drain.
  2839 | Sewer    | Entered a sewer
  2914 | Sewer    | Reached skill level 6 in Summonings
  3618 | D:3      | Found a shimmering altar of Xom.
  3636 | D:3      | Reached XP level 7. HP: 41/46 MP: 10/12
  4444 | D:3      | Reached skill level 7 in Summonings
  4643 | D:4      | Learned a level 4 spell: Summon Lightning Spire
  5139 | D:4      | Noticed a nameless horror
  5364 | D:3      | Mangled by a gnoll bouda

Illustrated notes

Levels and vault maps discovered:
D:1:      amcnicky_arrival_wind_blow, layout_rooms, basic_ecumenical_altar
D:2:      layout_basic, uniq_natasha
D:3:      lemuel_castle_with_subvaults [lemuel_castle_interior_original],
          layout_basic, nemelex_spade_bored_becter, led_xom_imps,
          grunt_qazlal_sundering, portal_sewer_entry_a,
          dreamdust_princess_bridge
D:4:      layout_basic, nicolae_elevator_lobby_asterisk

Skill      XL: |  1  2  3  4  5  6  7 |
---------------+----------------------+-----
Summonings     | 5 6 7 |  7.5
Spellcasting   | 3 4 |  4.4
Dodging        | |  2.1
Stealth        | |  2.1

Action                   |  1- 3 |  4- 6 |  7- 9 || total
-------------------------+-------+-------+-------++-------
Melee: Dagger            |    61 |    94 |    81 ||   236
 Cast: Summon Small Mamm |    27 |    11 |    15 ||    53
       Call Canine Famil |     4 |    15 |    11 ||    30
       Call Imp          |     2 |     8 |     7 ||    17
 Stab: Distracted        |     1 |     1 |       ||     2
       Sleeping          |     1 |     2 |     2 ||     5
Armor: Robe              |    27 |    17 |    21 ||    65
Dodge: Dodged            |    69 |    84 |    66 ||   219
